 Dungeon Crawl Stone Soup version 0.30-a0-867-g305f33218d (webtiles) character file.

Game seed: 10931339941693838677

64 jasper the Vexing (level 3, -8/26 HPs)
             Began as a Demonspawn Hexslinger on Mar 10, 2023.
             Killed by miscasting Stone Arrow (9 damage)
             ... on level 2 of the Dungeon.
             The game lasted 00:03:47 (1500 turns).

jasper the Vexing (Demonspawn Hexslinger)           Turns: 1500, Time: 00:03:48

Health: -8/26      AC:  2    Str: 10    XL:     3   Next: 91%
Magic:  11/14      EV: 12    Int: 16    God:
Gold:   113        SH:  0    Dex: 13    Spells: 0/5 levels left

rFire   . . .      SeeInvis .    a - +1 sling
rCold   . . .      Faith    .    (no shield)
rNeg    + . .      Spirit   .    c - +0 robe
rPois   .          Reflect  .    (no helmet)
rElec   .          Rampage  .    (no cloak)
rCorr   .                        (no gloves)
Will    .....                    (no boots)
Stlth   +                        (no amulet)
HPRegen 0.24/turn                f - ring of magical power
MPRegen 0.14/turn                k - ring of positive energy

@: mighty, very slightly contaminated, slowed, very slow
A: demonic guardian 1, demonic touch 1
a: no special abilities


You were on level 2 of the Dungeon.
You visited 1 branch of the dungeon, and saw 3 of its levels.

You collected 113 gold pieces.

Inventory:

Hand Weapons
 a - a +1 sling (weapon)
Armour
 c - a +0 robe (worn)
Jewellery
 f - a ring of magical power (left hand)
 k - a ring of positive energy (right hand)
Wands
 g - a wand of paralysis (14)
Scrolls
 b - a scroll of poison
 e - a scroll of teleportation
 h - a scroll of noise {unknown}
 i - a scroll of amnesia {unknown}
Potions
 d - 2 potions of cancellation
 l - a potion of magic {unknown}


   Skills:
 - Level 1.6 Fighting
 - Level 3.0 Ranged Weapons
 - Level 2.1 Dodging
 - Level 1.6 Spellcasting
 + Level 0.2 Conjurations
 - Level 3.0 Hexes
 + Level 0.1 Earth Magic


You couldn't memorise any spells.
You knew the following spells:

 Your Spells              Type           Power      Damage    Failure   Level
a - Slow                  Hex            40%        N/A       6%          1
b - Sandblast             Erth           2%         2d4       21%         1
c - Stone Arrow           Conj/Erth      2%         3d7       52%         3

Your spell library contained the following spells:

 Spells                   Type           Power      Damage    Failure   Level
 Magic Dart               Conj           8%         1d3       21%         1
 Call Imp                 Summ           1%         N/A       32%         2
 Passwall                 Tmut/Erth      0%         N/A       32%         2
 Inner Flame              Hex/Fire       6%         N/A       34%         3
 Portal Projectile        Hex/Tloc       12%        N/A       34%         3
 Mephitic Cloud           Conj/Pois/Air  1%         N/A       54%         3
 Cause Fear               Hex            5%         N/A       54%         4


Dungeon Overview and Level Annotations

Branches:
Dungeon (3/15)

Altars:

Annotations:
D:2 Natasha


Innate Abilities, Weirdness & Mutations

A weak demonic guardian rushes to your aid.
Your touch may inflict minor irresistible damage on your foes.


Message History

The orc priest hits your quasit with a +0 dagger.
You climb upwards.
Level annotation: Natasha
There is a stone staircase leading down, spattered with blood here.
A bat skeleton is nearby!
Fire: a) +1 sling
Press: ? - help, Q - select action, (/) - cycle Shift-Dir - straight line, f - bat skeleton
Aim: a bat skeleton (68% to hit)
You shoot a sling bullet. The sling bullet hits the bat skeleton!
You destroy the bat skeleton!
You start resting.
Natasha is nearby!
You regained 4 hp, and now have 9/26 hp.
Fire: a) +1 sling
Press: ? - help, Q - select action, (/) - cycle Shift-Dir - straight line, f - Natasha
Aim: Natasha (wandering, hasn't noticed you, 47% to hit)
You shoot a sling bullet.
The sling bullet hits Natasha but does no damage.
Natasha stares at you and mumbles some strange words.
The magic dart hits you!
* * * LOW HITPOINT WARNING * * *
A demonic guardian appears!
You take 8 damage, and have 1/26 hp.
MASSIVE DAMAGE!!
Fire: a) +1 sling
Press: ? - help, Q - select action, (/) - cycle Shift-Dir - straight line, f/p - Natasha
Aim: Natasha (ally target, 47% to hit)
You shoot a sling bullet. The sling bullet hits Natasha.
Natasha is lightly wounded.
Natasha casts a spell at you.
You feel yourself slow down.
Casting: Slow (safe; 6% risk of failure)
Confirm with . or Enter, or press ? or * to list all spells.
The spell is extremely dangerous to miscast (52% risk of failure)!
Continue anyway?
Aiming: Stone Arrow (extremely dangerous; 52% risk of failure)
Press: ? - help, Shift-Dir - straight line, f/p - Natasha
Aim: Natasha (lightly wounded, ally target, 55% to hit)
You miscast Stone Arrow.
You are very lightly contaminated with residual magic.
Energy rips through your body!
You die...

#..........#
#..(.......# #
#..........##### #
♣♣♣..............#
♣♣P.PP..............#
......P♣.......(....#
..PPP.♣♣...#####h...#
PP♣♣♣♣♣....# #....# P
...?....# #@...#
........# #5...#
.........####....####
.........##.........#
..#...# #.........#
.##.........#
..###...#####
.###......#.####
...#.....#.....##


You could see Natasha (ally target) and a friendly quasit (summoned).

Vanquished Creatures
  An adder (D:2)
  2 worms (D:2)
  A dart slug (D:1)
  3 bats (D:1)
  A bat skeleton (D:2)
  2 endoplasms
  7 goblins
  6 hobgoblins (D:1)
  3 quokkas
  3 ball pythons (D:1)
  5 frilled lizards
  5 kobolds
  A quokka skeleton (D:2)
  3 rats
43 creatures vanquished.

Vanquished Creatures (collateral kills)
  An orc (D:3)
1 creature vanquished.

Vanquished Creatures (others)
  21 withered plants (D:2)
21 creatures vanquished.

Grand Total: 65 creatures vanquished

Notes
Turn   | Place    | Note
-------+----------+-------------------------------------------
     0 | D:1      | jasper the Demonspawn Hexslinger began the quest for the
                  | Orb.
     0 | D:1      | Reached XP level 1. HP: 15/15 MP: 2/2
   196 | D:1      | Gained mutation: A weak demonic guardian rushes to your
                  | aid. [demonic ancestry]
   196 | D:1      | Reached XP level 2. HP: 21/21 MP: 3/3
   259 | D:1      | Learned a level 1 spell: Sandblast
   466 | D:1      | Gained mutation: Your touch may inflict minor irresistible
                  | damage on your foes. [demonic ancestry]
   466 | D:1      | Reached XP level 3. HP: 26/26 MP: 3/5
  1334 | D:2      | Noticed Natasha
  1378 | D:2      | Learned a level 3 spell: Stone Arrow
  1498 | D:2      | HP: 1/26 [Natasha/magic dart (9)]
  1500 | D:2      | Killed by miscasting Stone Arrow

Illustrated notes

Levels and vault maps discovered:
D:1:      elethiomel_arrival_fortress_basement, layout_basic,
          hangedman_abyss_or_decor_stabs, hangedman_decor_points,
          chequers_serial_rivers_micro_a
D:2:      layout_rooms, dilly_guarded_unrand_morg
D:3:      layout_basic

Skill      XL: |  1  2  3 |
---------------+----------+-----
Ranged Weapons | 2 3 |  3.0
Dodging        | 2 |  2.1
Fighting       | |  1.6
Spellcasting   | |  1.6
Conjurations   | |  0.2
Hexes          | |  3.0
Earth Magic    | |  0.1

Action                     || total
---------------------------++-------
   Fire: Sling             ||   149
   Cast: Slow              ||     1
    Use: Scroll            ||     5
         Potion            ||     1
 Armour: Robe              ||     6
  Dodge: Dodged            ||    55

Table legend: (Time is in decaauts)
 A = Elapsed time spent in this place.
 B = Non-inter-level travel time spent in this place.
 C = Inter-level travel time spent in this place.
 D = Time resting spent in this place.
 E = Time spent auto-exploring this place.
 F = Levels seen in this place.
 G = Mean time per level.
                   A        B        C        D        E       F      G
               +--------+--------+--------+--------+--------+-----+--------+
         Total |   1541 |   1517 |     24 |     82 |   1127 |   3 |  513.7 |
       Dungeon |   1541 |   1517 |     24 |     82 |   1127 |   3 |  513.7 |
               +--------+--------+--------+--------+--------+-----+--------+

Top non-repeatable levels by time:
     D:1: 1005 daAuts
     D:2: 485 daAuts
     D:3: 50 daAuts
